 Dungeon Crawl Stone Soup version 0.28-a0-519-gbfeecf2fc5 (webtiles) character file.

Game seed: 17273164852546114175

31 spiderkeys the Skirmisher (level 3, 0/26 HPs)
             Began as an Octopode Abyssal Knight on Sept 24, 2021.
             Was a Follower of Lugonu.
             Killed by divine providence
             ... invoked by a smoke demon
              (9 damage)
             ... on level 2 of the Abyss.
             The game lasted 00:00:49 (100 turns).

spiderkeys the Skirmisher (Octopode Abyssal Knight)  Turns: 100, Time: 00:00:49

Health: 0/26       AC:  1    Str: 13      XL:     3   Next: 22%
Magic:  4/4        EV: 13    Int: 12      God:    Lugonu [*.....]
Gold:   0          SH:  0    Dex: 11 (12) Spells: 2/2 levels left

rFire   . . .      SeeInvis .   a - +1 spear (freeze)
rCold   . . .      Faith    .   (no shield)
rNeg    . . .      Spirit   .   (helmet restricted)
rPois   .          Reflect  .   (no amulet)
rElec   .          Harm     .   (no ring)
rCorr   .          Rampage  .   (no ring)
Will    .....                   (no ring)
Stlth   ++........              (no ring)
HPRegen 0.08/turn               (no ring)
MPRegen 0.09/turn               (no ring)
                                (no ring)
                                (no ring)

@: no status effects
A: almost no armour, amphibious, 8 rings, camouflage 1, gelatinous body 1,
(nimble swimmer 1), tentacles
a: Renounce Religion, Depart the Abyss


You were on level 2 of the Abyss.
You worshipped Lugonu.
Lugonu was aware of your devotion.
You visited 0 branches of the dungeon, and saw 0 of its levels.
You visited the Abyss 1 time.


Innate Abilities, Weirdness & Mutations

You cannot wear most types of armour.
You are amphibious.
You can wear up to eight rings at the same time.
Your skin changes colour to match your surroundings (Stealth+).
Your rubbery body absorbs attacks. (AC +1, EV +1)
((You are camouflaged near water. (Stealth+)))
You have tentacles for arms and can constrict up to eight enemies at once.


   Skills:
 + Level 3.3 Fighting
 + Level 2.4 Polearms
 + Level 2.8 Dodging
 + Level 2.5 Invocations


You had 2 spell levels left.
You didn't know any spells.
Your spell library was empty.

Inventory:

Hand Weapons
 a - a +1 spear of freezing (weapon)
Scrolls
 b - a scroll of identify {@r1}

Dungeon Overview and Level Annotations

Branches:
Dungeon (0/15)

Altars:

≈ ## .# ≈≈ #♣≈ #. #≈ #
##.≈≈ ##. #.# ## .#
...≈. .. .. #.###
.....# #.
.#####..##.#...#
###.#...#.. #....#..#
#...@####.....# ..##
#..#..#.....d#.....#.
....
#.....#.#..#.##...
.#.. #......#.#......d
#. #...###....#.....#.
.. .....#...##3....
#... .
..##.##.##.#....#..#.#
# ..# .. #.##..#....
.#. #.....# ....#.#


You could see a smoke demon.


Message History

🤖 Initializing magus.rc ...
Options error: Delay interrupt name "hungry" not recognised. (~/.crawlrc:4988) ✅ Successfully initialized magus.rc [v1.9.10] Welcome, spiderkeys the Octopode Abyssal Knight.
Will you prevail where others failed? Will you find the Orb of Zot?
Lugonu says: Depart the Abyss and spread corruption, my servant! (use the ability menu to exit the Abyss) Press ? for a list of commands and other information.
Found a corrupted altar of Lugonu.
There is a corrupted altar of Lugonu here.
Found a gateway leading deeper into the Abyss.
Unknown command.
There is a gateway leading deeper into the Abyss here.
You plunge deeper into the Abyss.
You see here a scroll labelled NEFOABLEVAE.
b - a scroll labelled NEFOABLEVAE You see here a scroll labelled XEIDENOIHU.
c - a scroll labelled XEIDENOIHU
As you read the scroll labelled NEFOABLEVAE, it crumbles to dust.
It is a scroll of identify.
c - a scroll of brand weapon
As you read the scroll of brand weapon, it crumbles to dust.
Your +1 spear is covered with a thin layer of ice!
a - a +1 spear of freezing (weapon)
The quasit bites you. The quasit claws you. x2 😮 HP[-6]
You take 6 damage, and now have 10/16 hp.
MASSIVE DAMAGE!! (PAUSE)
You hit the quasit but do no damage. You grab the quasit.
You constrict the quasit. The quasit barely misses you.
The quasit claws you but does no damage. x2
You barely miss the quasit.
You constrict the quasit, but do no damage.
The quasit bites you but does no damage.
The quasit barely misses you.
The quasit claws you but does no damage.
You completely miss the quasit. You constrict the quasit. The quasit bites you.
The quasit misses you. The quasit claws you.
* * * LOW HITPOINT WARNING * * *
You feel clumsy. 😨 HP[-3]
You take 3 damage, and now have 7/16 hp.
You hit the quasit.
You squeeze the quasit, but do no damage.
You constrict the quasit. The quasit misses you. The quasit claws you.
* * * LOW HITPOINT WARNING * * *
The quasit claws you but does no damage.
The quasit bites you but does no damage.
The quasit misses you. The quasit barely misses you. 😨 HP[-2]
You take 2 damage, and now have 5/16 hp.
You barely miss the quasit. You squeeze the quasit. You constrict the quasit.
The quasit bites you.
* * * LOW HITPOINT WARNING * * *
You feel clumsy.
The quasit claws you but does no damage. x2 😱 HP[-2]
You take 2 damage, and now have 3/16 hp.
You hit the quasit. You freeze the quasit.
You kill the quasit!
You feel your dexterity returning.
You have reached level 2!
You have reached level 3!
Your experience leads to an increase in your attributes!
Your base attributes are Str 12, Int 12, Dex 12.
Increase (S)trength, (I)ntelligence, or (D)exterity?
You feel stronger. 😱 HP[+2] MP[+2]
You now have 26 max hp (+10).
You regained 2 hp, and now have 5/26 hp.
Your mp is fully restored (4).
The substance of the Abyss twists violently, and a gateway leading out appears!
There is a gateway leading out of the Abyss here.
b - a scroll of identify {@r1} 😱 HP[+1]
You are suddenly pulled into a different region of the Abyss! 😨 HP[+1] 😨 HP[+1]
A smoke demon comes into view.
The smoke demon roars! 😨 HP[+1]
Okay, then.
Press: ? - help, v - describe, . - travel The floor.
The smoke demon gestures at you. Something smites you!
You die...

Action                   || total
-------------------------++-------
Melee: Spear             ||     6
       Tentacles         ||     2
       Constrict         ||     1
  Use: Scroll            ||     2
Armor: Skin              ||     8
Dodge: Dodged            ||     6

Levels and vault maps discovered:
Abyss:2:  base: Temple, onia_ninara_dug_in_and_dangerous

Notes
Turn   | Place    | Note
-------+----------+-------------------------------------------
     0 | Abyss:1  | spiderkeys the Octopode Abyssal Knight began the quest for
                  | the Orb.
     0 | Abyss:1  | Reached XP level 1. HP: 16/16 MP: 2/2
     0 | Abyss:1  | magus.rc [v1.9.10]
    36 | Abyss:2  | Noticed a quasit
    47 | Abyss:2  | HP: 3/16 [quasit (2)]
    48 | Abyss:2  | Killed a quasit
    49 | Abyss:2  | Reached XP level 2. HP: 4/21 MP: 3/3
    49 | Abyss:2  | Reached XP level 3. HP: 5/26 MP: 4/4
    88 | Abyss:2  | Noticed a black draconian
    90 | Abyss:2  | Noticed a smoke demon
   100 | Abyss:2  | Killed from afar by a smoke demon

Vanquished Creatures
  A quasit (Abyss:2)
1 creature vanquished.

Table legend:
 A = Non-vault XP
 B = Vault XP
 C = Vault XP percentage of total XP
 D = Non-vault monster count
 E = Vault monster count
 F = Vault count percentage of total count
                 A         B        C        D         E       F
            +---------+---------+-------+---------+---------+-------
      Total |      45 |       0 |   0.0 |       1 |       0 |   0.0
            +---------+---------+-------+---------+---------+-------
    Abyss:2 |      45 |       0 |   0.0 |       1 |       0 |   0.0
            +---------+---------+-------+---------+---------+-------

Illustrated notes

Table legend:
 A = Kills in this place as a percentage of kills in entire the game.
 B = Kills by you in this place as a percentage of kills by you in the entire game.
 C = Kills by friends in this place as a percentage of kills by friends in the entire game.
 D = Other kills in this place as a percentage of other kills in the entire game.
 E = Experience gained in this place as a percentage of experience gained in the entire game.
 F = Experience gained in this place divided by the number of levels of this place that you have seen.
                   A       B       C       D       E      F
               +-------+-------+-------+-------+-------+----------------------
         Total | 100.0 | 100.0 |   N/A |   N/A | 100.0 |  22.5
         Abyss | 100.0 | 100.0 |   N/A |   N/A | 100.0 |  22.5
               +-------+-------+-------+-------+-------+----------------------

Table legend: (Time is in decaauts)
 A = Elapsed time spent in this place.
 B = Non-inter-level travel time spent in this place.
 C = Inter-level travel time spent in this place.
 D = Time resting spent in this place.
 E = Time spent auto-exploring this place.
 F = Levels seen in this place.
 G = Mean time per level.
                   A        B        C        D        E       F      G
               +--------+--------+--------+--------+--------+-----+--------+
         Total |     99 |     99 |      0 |      0 |     25 |   2 |   49.5 |
         Abyss |     99 |     99 |      0 |      0 |     25 |   2 |   49.5 |
               +--------+--------+--------+--------+--------+-----+--------+

Top non-repeatable levels by time:
 Abyss:2: 69 daAuts
 Abyss:1: 30 daAuts
